 Dungeon Sprint DCSS version 0.16-b1 (webtiles) character file.

3543 Medar the Shatterer (level 10, -2/131 HPs)
             Began as an Ogre Chaos Knight on Mar 5, 2015.
             Slain by a demonic crawler (5 damage)
             ... in the Dungeon (Sprint I: "Red Sonja").
             The game lasted 00:04:49 (1422 turns).

Medar the Shatterer (Ogre Chaos Knight)             Turns: 1422, Time: 00:04:49

Health: -2/131     AC:  7    Str: 22    XL:     10   Next: 9%
Magic:  10/10      EV:  9    Int: 10    God:    Xom [..*...]
Gold:   124        SH:  0    Dex:  8    Spells: 0 memorised, 9 levels left

rFire  . . .     SeeInvis .     k - +0 giant club
rCold  . . .     Clarity  .     b - +2 robe
rNeg   + . .     SustAb   .     (shield restricted)
rPois  +         Gourm    .     (helmet restricted)
rElec  .         Spirit   .     c - +1 ratskin cloak {rPois rN+ Int-1 Dex-1}
rCorr  .         Warding  .     (gloves unavailable)
rMut   .         NoTele   +     (boots unavailable)
MR     +....                    (no amulet)
Stlth  +.........               (no ring)
                                (no ring)

@: very slightly contaminated, invisible, somewhat resistant to hostile
enchantments, very unstealthy
A: unfitting armour, tough skin 1
a: Renounce Religion


You were in the Dungeon.
You worshipped Xom.
You were a toy of Xom.
You were not hungry.

You visited 1 branch You collected 853 gold pieces.
You spent 729 gold pieces at shops.

Inventory:

Hand weapons
 a - a +0 mace of chaos
 k - a +0 giant club (weapon)
 m - a +0 blowgun
Missiles
 f - 9 curare-tipped needles
 h - 4 poisoned needles
Armour
 b - a +2 robe (worn)
 c - the +1 ratskin cloak (worn) {rPois rN+ Int-1 Dex-1}
   (You bought it in a shop in the Dungeon)

   It affects your intelligence (-1).
   It affects your dexterity (-1).
   It protects you from poison.
   It protects you from negative energy.
 l - a +0 robe of fire resistance
Magical devices
 s - a wand of magic darts (30)
Scrolls
 i - 2 scrolls of blinking
 q - a scroll of remove curse {@r1}
 r - a scroll of amnesia
Potions
 d - 5 potions of curing {@q1}
 g - 2 potions of magic
 p - a potion of cancellation
Comestibles
 j - a slice of pizza
 o - 5 fruits


   Skills:
 + Level 17.5 Fighting
 + Level 21.2 Maces & Flails
 - Level 0.7 Armour
 - Level 1.7 Dodging


You had 9 spell levels left.
You didn't know any spells.

Dungeon Overview and Level Annotations

Branches:
Dungeon (1/1)

Altars:
Cheibriados
Dithmenos
Elyvilon
Fedhas
Gozag
Kikubaaqudgha
Makhleb
Nemelex Xobeh
Okawaru
Qazlal
Ru
Sif Muna
Trog
Vehumet
Xom
Yredelemnul
Zin
The Shining One
Jiyva

Shops:
D *([


Innate Abilities, Weirdness & Mutations

You are too large for most types of armour.
You have tough skin (AC +1).


Message History

The demonic crawler closely misses you.
You closely miss the demonic crawler.
The demonic crawler is lightly wounded.
The demonic crawler barely misses you.
The demonic crawler hits you but does no damage.
The demonic crawler hits you.
* * * LOW HITPOINT WARNING * * *
You sock the demonic crawler!
The demonic crawler is heavily wounded.
The demonic crawler hits you but does no damage.
The demonic crawler hits you!
* * * LOW HITPOINT WARNING * * *
The demonic crawler barely misses you.
Read which item? (? for menu, Esc to quit)
You feel a strange sense of stasis.
There is an open door here.
The demonic crawler hits you but does no damage.
The demonic crawler hits you.
You die...
Xom titters!

#########################********
<.#..'..#..'..#__#.)†...#,,*,,,,+
..'..#..').#..'^@ss.#)s.##+#,****
..#####'#####'#__####...†..#,*,**
..####..#...#.####§§#####..+,*+*,
..#__####..##.#≈§§§§#y,**+##**,,,
..#_..__##'#.(§§≈§.§+,,*,,,,,*,,,
⌠⌠#_.∩...'..._#)≈§§.#,,*,,,,,+,,,
###_..._##_.#'##'####*+***,,,*,,,
,,#_____###+#.#..)[###,+s*,,,***+
###########.####'###[##*,*,,***,,


You could see 2 demonic crawlers.

Vanquished Creatures
  2 centaur warriors (D)
  A deep troll (D)
  2 demonic crawlers (D)
  2 kobold demonologists (D)
  Sonja (D)
  A slime creature (D)
  A yak (D)
  Sigmund (D)
  An ogre (D)
  A jelly (D)
  Ijyb (D)
  A giant eyeball (D)
  A giant spore (D)
  2 ballistomycetes (D)
18 creatures vanquished.

Vanquished Creatures (others)
  A gargoyle (D)
  A giant spore (D)
2 creatures vanquished.

Grand Total: 20 creatures vanquished

Notes
Turn   | Place    | Note
--------------------------------------------------------------
     0 | D        | Medar, the Ogre Chaos Knight, began the quest for the Orb.
     0 | D        | Reached XP level 1. HP: 24/24 MP: 1/1
     1 | D        | Noticed Ijyb
     7 | D        | Killed Ijyb
     7 | D        | Reached skill level 7 in Maces & Flails
     7 | D        | Reached XP level 2. HP: 25/32 MP: 2/2
    78 | D        | Noticed an ogre
    83 | D        | Killed an ogre
    83 | D        | Reached skill level 11 in Maces & Flails
    83 | D        | Reached XP level 3. HP: 39/39 MP: 3/3
    83 | D        | Reached XP level 4. HP: 48/48 MP: 4/4
    95 | D        | Noticed Sigmund
    96 | D        | XOM: divination: magic mapping
   100 | D        | Killed Sigmund
   100 | D        | Reached skill level 13 in Maces & Flails
   100 | D        | Reached XP level 5. HP: 47/54 MP: 5/5
   147 | D        | Found a deep blue altar of Sif Muna.
   148 | D        | Noticed a jelly
   149 | D        | Found a radiant altar of Vehumet.
   149 | D        | Killed a gargoyle
   152 | D        | Killed a jelly
   152 | D        | Reached skill level 14 in Maces & Flails
   178 | D        | Found Heynwatt's Antique Weapon Emporium.
   178 | D        | Found a white marble altar of Elyvilon.
   178 | D        | Found a stormy altar of Qazlal.
   178 | D        | Found a burning altar of Makhleb.
   178 | D        | Found a sacrificial altar of Ru.
   178 | D        | Found a basalt altar of Yredelemnul.
   178 | D        | Found a glowing golden altar of the Shining One.
   178 | D        | Found a sparkling altar of Nemelex Xobeh.
   178 | D        | Found a shimmering altar of Xom.
   178 | D        | Found an opulent altar of Gozag.
   178 | D        | Found an ancient bone altar of Kikubaaqudgha.
   178 | D        | Found a glowing silver altar of Zin.
   178 | D        | Noticed a yak
   181 | D        | Killed a yak
   181 | D        | Reached skill level 15 in Maces & Flails
   181 | D        | Reached XP level 6. HP: 59/72 MP: 6/6
   182 | D        | Found an iron altar of Okawaru.
   185 | D        | Found a bloodstained altar of Trog.
   243 | D        | Noticed a centaur warrior
   243 | D        | Noticed a centaur warrior
   253 | D        | Killed a centaur warrior
   253 | D        | Reached skill level 17 in Maces & Flails
   253 | D        | Reached XP level 7. HP: 51/92 MP: 7/7
   253 | D        | Reached XP level 8. HP: 55/101 MP: 8/8
   255 | D        | XOM: silly message
   257 | D        | Killed a centaur warrior
   257 | D        | Reached skill level 19 in Maces & Flails
   523 | D        | XOM: harmless Necr miscast
   532 | D        | Noticed a deep troll
   541 | D        | Killed a deep troll
   541 | D        | Reached skill level 15 in Fighting
   541 | D        | Reached XP level 9. HP: 27/117 MP: 9/9
   865 | D        | Noticed Sonja
   866 | D        | Killed Sonja
   866 | D        | Reached skill level 20 in Maces & Flails
   881 | D        | Found Seidaett's Assorted Antiques.
   890 | D        | Bought a potion of curing for 72 gold pieces
   890 | D        | Bought 2 ruby potions for 43 gold pieces
   890 | D        | Bought a scroll labeled SOIKHL SCHES for 24 gold pieces
   890 | D        | Bought a smoky black potion for 21 gold pieces
   890 | D        | Bought a scroll labeled BUOTU CRUZXIVU for 24 gold pieces
   890 | D        | Bought a scroll labeled BUOTU CRUZXIVU for 24 gold pieces
   890 | D        | Bought 2 scrolls labeled NIMUURORIE for 48 gold pieces
   890 | D        | Bought a scroll labeled RUDAFR EHAIMI for 24 gold pieces
   890 | D        | Bought a scroll of blinking for 180 gold pieces
   896 | D        | Noticed a shining eye
   896 | D        | Noticed a shining eye
   896 | D        | Noticed a shining eye
   896 | D        | Noticed a shining eye
   896 | D        | Noticed a shining eye
   996 | D        | XOM: divination: detect creatures
  1127 | D        | Found Schuxaux's Armour Emporium.
  1131 | D        | Bought the +1 ratskin cloak {rPois rN+ Int-1 Dex-1} for 269 gold pieces
  1149 | D        | Found a snail-covered altar of Cheibriados.
  1149 | D        | Found a viscous altar of Jiyva.
  1149 | D        | Found a shadowy altar of Dithmenos.
  1149 | D        | Found a blossoming altar of Fedhas.
  1149 | D        | Noticed a slime creature
  1155 | D        | Killed a slime creature
  1306 | D        | Noticed a kobold demonologist
  1311 | D        | Noticed a kobold demonologist
  1314 | D        | Killed a kobold demonologist
  1316 | D        | Killed a kobold demonologist
  1396 | D        | Noticed a demonic crawler
  1396 | D        | Noticed a demonic crawler
  1396 | D        | Noticed a demonic crawler
  1396 | D        | Noticed a demonic crawler
  1400 | D        | Killed a demonic crawler
  1400 | D        | Reached skill level 21 in Maces & Flails
  1400 | D        | Reached XP level 10. HP: 111/131 MP: 10/10
  1408 | D        | XOM: silly message
  1415 | D        | Killed a demonic crawler
  1416 | D        | XOM: potion effect (invisibility)
  1419 | D        | HP: 2/131 [demonic crawler (10)]
  1422 | D        | Slain by a demonic crawler

Action                   |  1- 3 |  4- 6 |  7- 9 | 10-12 || total
-------------------------+-------+-------+-------+-------++-------
Melee: Mace              |    10 |       |       |       ||    10
       Giant club        |       |    14 |    33 |    14 ||    61
  Use: Potion            |       |     1 |     1 |     1 ||     3
       Scroll            |       |       |     5 |       ||     5
  Eat: Meat ration       |       |       |     1 |       ||     1
